 Dungeon Crawl Stone Soup version 0.28.0 (webtiles) character file.

Game seed: 7236864343231938381

39 catcat the Chopper (level 3, -2/31 HPs)
             Began as a Hill Orc Fighter on Feb 18, 2022.
             Slain by an adder (3 damage)
             ... on level 2 of the Dungeon.
             The game lasted 00:01:49 (1135 turns).

catcat the Chopper (Hill Orc Fighter)               Turns: 1135, Time: 00:01:50

Health: -2/31      AC:  6    Str: 18    XL:     3   Next: 47%
Magic:  3/3        EV:  9    Int:  8    God:
Gold:   61         SH:  4    Dex: 12    Spells: 2/2 levels left

rFire   . . .      SeeInvis .   a - +0 war axe
rCold   . . .      Faith    .   c - +0 buckler
rNeg    . . .      Spirit   .   b - +0 scale mail
rPois   .          Reflect  .   (no helmet)
rElec   .          Harm     .   (no cloak)
rCorr   .          Rampage  .   (no gloves)
Will    .....                   (no boots)
Stlth   ..........              (no amulet)
HPRegen 0.10/turn               (no ring)
MPRegen 0.08/turn               (no ring)

@: mighty, lethally poisoned (-2 -> -20)
A: no striking features
a: no special abilities


You were on level 2 of the Dungeon.
You visited 1 branch of the dungeon, and saw 2 of its levels.

You collected 61 gold pieces.

Inventory:

Hand Weapons
 a - a +0 war axe (weapon)
 g - a +0 flail
Armour
 b - a +0 scale mail (worn)
 c - a +0 buckler (worn)
Scrolls
 e - a scroll of teleportation {unknown}
 f - a scroll of magic mapping {unknown}
 i - a scroll of blinking {unknown}
Potions
 h - a potion of cancellation {unknown}


   Skills:
 + Level 3.6 Fighting
 - Level 5.0 Axes
 - Level 3.2 Armour
 - Level 3.2 Shields


You had 2 spell levels left.
You didn't know any spells.
Your spell library was empty.

Dungeon Overview and Level Annotations

Branches:
Dungeon (2/15)

Altars:
Dithmenos


Message History

You hit the adder but do no damage. The adder closely misses you.
The adder barely misses you. The adder bites you. The adder barely misses you.
You miss the adder.
The adder is lightly wounded.
You closely miss the adder. You barely miss the adder. The adder bites you.
You are poisoned.
The adder poisons you! The adder bites you but does no damage.
The adder bites you.
You are more poisoned.
The adder poisons you! You block the adder's attack. The adder bites you.
You hit the adder.
The adder is severely wounded.
You miss the adder. You barely miss the adder.
You feel very sick. The adder bites you.
You are more poisoned.
The adder poisons you! The adder closely misses you.
The adder bites you but does no damage. The adder barely misses you.
The adder bites you.
You are more poisoned.
The adder poisons you! The adder bites you.
You are more poisoned.
The adder poisons you!
You are too injured to fight recklessly!
You are too injured to fight recklessly!
You feel very mighty all of a sudden.
* * * LOW HITPOINT WARNING * * *
You feel very sick. The adder barely misses you. The adder bites you.
* * * LOW HITPOINT WARNING * * *
You are more poisoned.
The adder poisons you! The adder barely misses you. The adder bites you.
* * * LOW HITPOINT WARNING * * *
You barely miss the adder.
The adder is severely wounded.
You closely miss the adder. x2
* * * LOW HITPOINT WARNING * * *
You feel very sick. The adder barely misses you. The adder bites you.
You die...

######..#######....
###...## ###..
#...### #.. ##.###
#.. #..# #.#
#####.#### #.#
#........# #.#
#.....>..#
#.....@.<#
#[...SSS.#
#...........
#........###..
#.........
#..........
#########... ####


You could see 3 adders.

Vanquished Creatures
  An adder (D:2)
  A worm (D:2)
  3 bats (D:1)
  2 endoplasms (D:2)
  A giant cockroach (D:2)
  2 hobgoblins
  3 jackals (D:1)
  3 ball pythons
  A frilled lizard (D:1)
  4 goblins
  3 kobolds
  4 rats
28 creatures vanquished.

Notes
Turn   | Place    | Note
-------+----------+-------------------------------------------
     0 | D:1      | catcat the Hill Orc Fighter began the quest for the Orb.
     0 | D:1      | Reached XP level 1. HP: 19/19 MP: 1/1
    31 | D:1      | Reached skill level 3 in Axes
    86 | D:1      | Found Otziajekh's Armour Shop.
   346 | D:1      | Reached XP level 2. HP: 26/26 MP: 2/2
   412 | D:1      | Reached skill level 4 in Axes
   908 | D:2      | Found a shadowy altar of Dithmenos.
   967 | D:2      | Reached XP level 3. HP: 31/31 MP: 3/3
   986 | D:2      | Reached skill level 5 in Axes
  1094 | D:2      | Found a faded altar of an unknown god.
  1135 | D:2      | HP: 1/31 [poisoned by an adder]
  1135 | D:2      | Slain by an adder

Illustrated notes

Levels and vault maps discovered:
D:1:      psy_arrival_statuary, layout_basic, serial_shops, shop,
          glass_columns_a
D:2:      layout_rooms, basic_ecumenical_altar, basic_altar

Skill      XL: |  1  2  3 |
---------------+----------+-----
Axes           | 3 4 5 |  5.0
Fighting       | |  3.6
Armour         | |  3.2
Shields        | |  3.2

Action                   || total
-------------------------++-------
Melee: War axe           ||    69
  Use: Potion            ||     1
Armor: Scale mail        ||    42
Dodge: Dodged            ||    40
Block: Buckler           ||    15
